 Dungeon Sprint DCSS version 0.17-a0-1403-g9df874c (webtiles) character file.

1987 Kidiri the Blocker (level 9, -1/60 HPs)
             Began as a Gargoyle Fighter on June 20, 2015.
             Was a Priest of Okawaru.
             Slain by an eight-headed hydra (9 damage)
             ... in the Dungeon (Sprint IX: "|||||||||||||||||||||||||||||").
             The game lasted 00:06:21 (999 turns).

Kidiri the Blocker (Gargoyle Fighter)                Turns: 999, Time: 00:06:21

Health: -1/60      AC: 22    Str: 24    XL:     9   Next: 21%
Magic:  14/15      EV:  9    Int: 11    God:    Okawaru [***...]
Gold:   12         SH: 13    Dex:  9    Spells: 0 memorised, 8 levels left

rFire  . . .     SeeInvis .     a - +0 flail
rCold  . . .     Clarity  .     b - +2 scale mail
rNeg   + . .     SustAt   .     c - +0 shield
rPois  ∞         Gourm    .     q - +0 helmet
rElec  +         Spirit   .     r - +0 cloak
rCorr  .         Warding  .     (no gloves)
rMut   .         NoTele   +     (no boots)
MR     .....                    (no amulet)
Stlth  ..........               u - +3 ring of intelligence
                                t - +2 ring of protection

@: not resistant to hostile enchantments, extremely unstealthy
A: negative energy resistance 1, electricity resistance, unbreathing,
petrification resistance, rot immunity, AC +5
a: Heroism, Renounce Religion


You were in the Dungeon.
You worshipped Okawaru.
Okawaru was most pleased with you.
You were not hungry.

You visited 1 branch You collected 12 gold pieces.

Inventory:

Hand weapons
 a - a +0 flail (weapon)
Armour
 b - a +2 scale mail (worn)
 c - a +0 shield (worn)
 q - a +0 helmet (worn)
 r - a +0 cloak (worn)
Jewellery
 t - a +2 ring of protection (left hand)
 u - a +3 ring of intelligence (right hand)
Magical devices
 p - a wand of draining (6)
Scrolls
 k - 3 scrolls of blinking
 n - 4 scrolls of remove curse
 o - 3 scrolls of amnesia
 x - a scroll of identify
 y - a scroll of recharging
Potions
 d - a potion of might
 f - 5 potions of curing
 g - a potion of invisibility
 h - 2 potions of haste
 i - 4 potions of magic
 j - 3 potions of berserk rage
 m - 2 potions of heal wounds
 v - a potion of brilliance
Comestibles
 l - a chunk of flesh


   Skills:
 + Level 9.2 Fighting
 + Level 8.0 Maces & Flails
 * Level 12.2 Armour
 * Level 12.2 Shields
 + Level 8.0 Invocations


You had 8 spell levels left.
You didn't know any spells.

Dungeon Overview and Level Annotations

Branches:
Dungeon (1/1)

Altars:
Cheibriados
Dithmenos
Elyvilon
Fedhas
Gozag
Kikubaaqudgha
Makhleb
Nemelex Xobeh
Okawaru
Qazlal
Ru
Sif Muna
Trog
Vehumet
Xom
Yredelemnul
Zin
The Shining One
Beogh
Jiyva
Lugonu


Innate Abilities, Weirdness & Mutations

You are resistant to torment.
Your stone body is resilient (AC +5).
You are immune to poison.
You resist negative energy.
You are resistant to electric shocks.
You can survive without breathing.
You are immune to petrification.
You are immune to rotting.


Message History

The five-headed hydra is moderately wounded.
This wand has 6 charges left.
The eight-headed hydra bites you but does no damage.
You block the eight-headed hydra's attack.
The eight-headed hydra closely misses you.
The eight-headed hydra bites you.
* * * LOW HITPOINT WARNING * * *
The eight-headed hydra bites you!
* * * LOW HITPOINT WARNING * * *
The eight-headed hydra bites you but does no damage.
You block the eight-headed hydra's attack.
The eight-headed hydra bites you but does no damage.
Unknown command.
You hit the eight-headed hydra.
The eight-headed hydra is heavily wounded.
The eight-headed hydra bites you but does no damage. x4
You block the eight-headed hydra's attack. x2
The eight-headed hydra bites you but does no damage.
The eight-headed hydra bites you!
You die...

▓▓▓▓▓▓▓▓▓▓▓▓▓▓▓▓▓▓▓▓▓▓▓▓
rS.FDrD@...%....÷[......
▓▓▓▓▓▓▓▓▓▓▓▓▓▓▓▓▓▓▓▓▓▓▓▓▓▓▓▓▓▓▓▓▓
.................................
▓▓▓▓▓▓▓▓▓▓▓▓▓▓▓▓▓▓▓▓▓▓▓▓▓▓▓▓▓▓▓▓▓
...)|..'_____________________'...
▓▓▓▓▓▓▓▓▓▓▓▓▓▓▓▓▓▓▓▓▓▓▓▓▓▓▓▓▓▓▓▓▓


You could see an eight-headed hydra, a five-headed hydra, a spiny frog, a water
moccasin and 2 river rats.

Vanquished Creatures
  A komodo dragon (D)
  A fire drake (D)
  2 yaks (D)
  2 porcupines (D)
  2 hippogriffs (D)
  An eye of draining (D)
  An ice beast (D)
  2 water moccasins (D)
  A crocodile (D)
  A brain worm (D)
  A wight (D)
  A crimson imp (D)
  A worker ant (D)
  3 iguanas (D)
  A shadow imp (D)
  A river rat (D)
  An ooze (D)
  A bat (D)
  A giant cockroach (D)
  A giant gecko zombie (D)
  A goblin (D)
  A jackal skeleton (D)
  2 kobolds (D)
  2 rats (D)
32 creatures vanquished.

Vanquished Creatures (others)
  A plant (D)
1 creature vanquished.

Grand Total: 33 creatures vanquished

Notes
Turn   | Place    | Note
--------------------------------------------------------------
     0 | D        | Kidiri the Gargoyle Fighter began the quest for the Orb.
     0 | D        | Reached XP level 1. HP: 14/14 MP: 1/1
    14 | D        | Reached skill level 4 in Armour
    14 | D        | Reached XP level 2. HP: 18/20 MP: 2/2
    27 | D        | Noticed a worker ant
    67 | D        | Killed a worker ant
    67 | D        | Reached skill level 5 in Armour
    67 | D        | Reached skill level 5 in Shields
    67 | D        | Reached XP level 3. HP: 14/24 MP: 3/3
    93 | D        | Found a glowing silver altar of Zin.
    93 | D        | Found a glowing golden altar of the Shining One.
    93 | D        | Found an ancient bone altar of Kikubaaqudgha.
    93 | D        | Found a basalt altar of Yredelemnul.
    93 | D        | Found a shimmering altar of Xom.
    93 | D        | Found a radiant altar of Vehumet.
    94 | D        | Found an iron altar of Okawaru.
    95 | D        | Found a burning altar of Makhleb.
    96 | D        | Found a deep blue altar of Sif Muna.
    97 | D        | Found a bloodstained altar of Trog.
    98 | D        | Found a sparkling altar of Nemelex Xobeh.
    99 | D        | Found a white marble altar of Elyvilon.
   100 | D        | Found a roughly hewn altar of Beogh.
   101 | D        | Found a viscous altar of Jiyva.
   102 | D        | Found a corrupted altar of Lugonu.
   104 | D        | Became a worshipper of Warmaster Okawaru
   106 | D        | Found a blossoming altar of Fedhas.
   107 | D        | Found a snail-covered altar of Cheibriados.
   108 | D        | Found a shadowy altar of Dithmenos.
   109 | D        | Found a stormy altar of Qazlal.
   110 | D        | Found an opulent altar of Gozag.
   111 | D        | Found a sacrificial altar of Ru.
   206 | D        | Noticed a crimson imp
   206 | D        | Noticed a hippogriff
   206 | D        | Noticed a water moccasin
   206 | D        | Noticed a hippogriff
   206 | D        | Noticed an eye of draining
   221 | D        | Killed an eye of draining
   221 | D        | Reached skill level 5 in Fighting
   221 | D        | Reached skill level 6 in Armour
   221 | D        | Reached XP level 4. HP: 28/31 MP: 0/6
   221 | D        | Reached XP level 5. HP: 31/35 MP: 0/7
   229 | D        | Killed a hippogriff
   229 | D        | Reached skill level 5 in Maces & Flails
   229 | D        | Reached skill level 8 in Armour
   229 | D        | Reached XP level 6. HP: 31/41 MP: 1/9
   239 | D        | Killed a water moccasin
   239 | D        | Acquired Okawaru's first power
   258 | D        | Killed a hippogriff
   258 | D        | Reached skill level 9 in Armour
   258 | D        | Reached skill level 5 in Invocations
   258 | D        | Reached XP level 7. HP: 35/47 MP: 4/10
   279 | D        | Killed a crimson imp
   351 | D        | Noticed a brain worm
   351 | D        | Noticed an ice beast
   351 | D        | Noticed an iguana
   351 | D        | Noticed a wight
   351 | D        | Noticed a yak
   362 | D        | Killed a yak
   362 | D        | Reached skill level 10 in Armour
   362 | D        | Reached skill level 10 in Shields
   372 | D        | Killed a wight
   378 | D        | Killed an iguana
   381 | D        | Killed an ice beast
   384 | D        | Killed a brain worm
   384 | D        | Reached XP level 8. HP: 47/54 MP: 12/12
   547 | D        | Noticed a komodo dragon
   547 | D        | Noticed an iguana
   547 | D        | Noticed a yak
   547 | D        | Noticed a crocodile
   547 | D        | Noticed a porcupine
   547 | D        | Noticed a fire drake
   553 | D        | Noticed an iguana
   566 | D        | Killed a fire drake
   566 | D        | Reached skill level 11 in Armour
   577 | D        | Killed a porcupine
   590 | D        | Killed a crocodile
   596 | D        | Killed a yak
   622 | D        | Killed a komodo dragon
   622 | D        | Reached XP level 9. HP: 12/60 MP: 14/14
   884 | D        | Killed an iguana
   891 | D        | Killed an iguana
   891 | D        | Reached skill level 12 in Armour
   909 | D        | Noticed a porcupine
   918 | D        | Killed a porcupine
   986 | D        | Noticed an eight-headed hydra
   986 | D        | Noticed a water moccasin
   986 | D        | Noticed a spiny frog
   986 | D        | Noticed a water moccasin
   991 | D        | Noticed a basilisk
   993 | D        | Noticed a five-headed hydra
   998 | D        | Killed a water moccasin
   999 | D        | Slain by an eight-headed hydra

Vault maps used:
D:        linesprint

Action                   |  1- 3 |  4- 6 |  7- 9 || total
-------------------------+-------+-------+-------++-------
Melee: Flail             |    67 |    36 |   131 ||   234
Invok: Heroism           |       |       |     1 ||     1
Evoke: Wand              |       |       |     1 ||     1
  Use: Potion            |     1 |     1 |     1 ||     3
       Scroll            |       |       |     2 ||     2
  Eat: Bread ration      |       |       |     1 ||     1
